 Dungeon Crawl Stone Soup version 0.14-a0-1499-g388a102 (webtiles) character file.

433 Jenx the Ruinous (level 6, 0/34 HPs)
             Began as a Deep Elf Conjurer on Dec 15, 2013.
             Succumbed to a scorpion's poison
             ... on Level 4 of the Dungeon.
             The game lasted 00:13:28 (3267 turns).

Jenx the Ruinous (Deep Elf Conjurer)                Turns: 3267, Time: 00:13:28

HP   0/34        AC  3     Str  5      XL: 6   Next:  0%
MP  13/33        EV 18     Int 22      God:
Gold 167         SH  0     Dex 20      Spells:  3 memorised,  5 levels left

rFire  + . .     SeeInvis .     a - staff of power
rCold  . . .     Clarity  .     t - +1 orc robe
rNeg   . . .     Conserve .     (no shield)
rPois  .         rCorr    .     (no helmet)
rElec  .         rRot     .     (no cloak)
SustAb . .       Spirit   .     (no gloves)
rMut   .         Warding  .     (no boots)
Saprov . . .     Stasis   .     (no amulet)
                                (no ring)
                                r - ring of protection from fire

@: agile, flying, very poisoned, slightly resistant to hostile enchantments,
quite stealthy
A: sense surroundings 1, regeneration 1, wild magic 1
a: no special abilities


You were on level 4 of the Dungeon.
You were not hungry.

You visited 1 branch of the dungeon, and saw 4 of its levels.

You collected 167 gold pieces.

Inventory:

Hand weapons
 b - a +2,+0 flail of protection
 m - a +0,+2 dagger of venom
 w - a +0,+2 short sword of venom
Missiles
 h - 3 javelins (quivered)
Armour
 t - a +1 orcish robe (worn)
Magical devices
 i - a wand of fire (2)
Comestibles
 g - a bread ration
 z - 2 rotting chunks of orc flesh
 A - 2 chunks of goblin flesh
 B - a meat ration
Scrolls
 d - a scroll of teleportation
 f - a scroll of fear
 j - 3 scrolls of remove curse {unknown}
 k - 2 scrolls of immolation {unknown}
 o - a scroll of curse jewellery {unknown}
 s - a scroll of enchant weapon II {unknown}
 v - 2 scrolls of identify
Jewellery
 r - a ring of protection from fire (left hand)
Potions
 e - a potion of agility
 p - a potion of experience {unknown}
 u - a potion of heal wounds {unknown}
 x - a potion of paralysis {unknown}
Books
 c - a book of Conjurations

   Spells                             Type                      Level
   *Magic Dart                        Conjuration                  1
   Searing Ray                        Conjuration                  2
   *Dazzling Spray                    Conjuration/Hexes            3
   *Iskenderun's Mystic Blast         Conjuration                  4
   Iskenderun's Battlesphere          Conjuration/Charms           4
   Fulminant Prism                    Conjuration/Hexes            5
Magical staves
 a - an uncursed staff of power (weapon)


   Skills:
 + Level 1.4 Fighting
 - Level 2.4 Dodging
 - Level 2.4 Stealth
 - Level 4.0 Spellcasting
 - Level 7.2 Conjurations


You had 5 spell levels left.
You knew the following spells:

 Your Spells              Type           Power        Failure   Level  Hunger
a - Magic Dart            Conj           ####         3%          1    None
b - Dazzling Spray        Conj/Hex       ####....     19%         3    ###....
c - Iskenderun's Mystic   Conj           ######..     16%         4    ####...


Dungeon Overview and Level Annotations

Branches:
Dungeon (4/16)
 Temple: D:4-7

Altars:


Innate Abilities, Weirdness & Mutations

You passively map a small area around you.
Your natural rate of healing is unusually fast.
Your spells are a little harder to cast, but a little more powerful.


Message History

Drink which item? (? for menu, Esc to quit)
You feel agile all of a sudden.
It was a potion of agility.
* * * LOW HITPOINT WARNING * * *
You feel very sick.
Drink which item? (? for menu, Esc to quit)
You feel very buoyant.
You fly up into the air.
It was a potion of flight.
* * * LOW HITPOINT WARNING * * *
You feel very sick.
Drink which item? (? for menu, Esc to quit)
You feel refreshed.
It was a potion of restore abilities.
* * * LOW HITPOINT WARNING * * *
You feel very sick.
Drink which item? (? for menu, Esc to quit)
You feel extremely strange.
You feel less in control of your magic.
You begin to heal more quickly.
You feel a strange attunement to the structure of the dungeons.
It was a potion of mutation.
You die...

#.#.#.(.....##.............#.....
#...........)....................
###.#.......##...................
#.#...........................#
#.#............................
#.#.......#.....>...... .#<...#
#.###.#...#............ ......#
#.# .................. #... #
#...#...@......>. .## # *
........%........ , . *
#................, ##
........?...#.#.# * *
................., , , ,
....#.....####. ....#....%# , ...
....... , , .....>.##


There were no monsters in sight!

Vanquished Creatures
  An orc wizard (D:3)
  3 scorpions (D:4)
  3 gnolls (D:2)
  4 adders
  A giant mite (D:3)
  4 giant geckos
  8 orcs
  6 bats
  6 giant cockroaches
  7 goblins
  6 hobgoblins
  9 jackals
  8 kobolds
  2 quokkas
  2 ball pythons (D:2)
  4 giant newts
  A quokka skeleton (D:4)
  7 rats
82 creatures vanquished.

Vanquished Creatures (others)
  4 toadstools (D:1)
4 creatures vanquished.

Grand Total: 86 creatures vanquished

Notes
Turn   | Place    | Note
--------------------------------------------------------------
     0 | D:1      | Jenx, the Deep Elf Conjurer, began the quest for the Orb.
     0 | D:1      | Reached XP level 1. HP: 10/10 MP: 5/5
   178 | D:1      | Reached XP level 2. HP: 15/15 MP: 6/8
   190 | D:1      | Reached skill level 5 in Conjurations
  1062 | D:2      | Reached XP level 3. HP: 19/19 MP: 2/10
  1129 | D:2      | Learned a level 3 spell: Dazzling Spray
  1443 | D:2      | Reached skill level 6 in Conjurations
  1659 | D:2      | Reached XP level 4. HP: 24/24 MP: 0/13
  1802 | D:2      | Learned a level 4 spell: Iskenderun's Mystic Blast
  2547 | D:3      | Reached skill level 7 in Conjurations
  2547 | D:3      | Reached XP level 5. HP: 26/28 MP: 4/16
  3198 | D:4      | Reached skill level 1 in Fighting
  3263 | D:4      | Reached XP level 6. HP: 12/34 MP: 12/20
  3267 | D:4      | Gained mutation: Your spells are a little harder to cast, but a little more powerful. [potion of mutation]
  3267 | D:4      | Gained mutation: Your natural rate of healing is unusually fast. [potion of mutation]
  3267 | D:4      | Gained mutation: You passively map a small area around you. [potion of mutation]
  3267 | D:4      | Succumbed to a scorpion's poison

Action                   |  1- 3 |  4- 6 || total
-------------------------+-------+-------++-------
Melee: Dagger            |    40 |       ||    40
       Flail             |       |    23 ||    23
       Staff             |       |     2 ||     2
 Cast: Magic Dart        |    56 |    94 ||   150
       Dazzling Spray    |     2 |     8 ||    10
       Iskenderun's Myst |       |     4 ||     4
Evoke: Wand              |       |     1 ||     1
  Use: Scroll            |       |     5 ||     5
       Potion            |       |     4 ||     4
 Stab: Sleeping          |     1 |     1 ||     2
       Distracted        |       |     1 ||     1
